 Dungeon Crawl Stone Soup version 0.29-a0-322-g68df515428 (webtiles) character file.

Game seed: 1218430488812026391

56 EriolAelfwine the Skirmisher (level 3, -2/34 HPs)
             Began as a Minotaur Fighter on Apr 5, 2022.
             Slain by an iguana (9 damage)
             ... on level 4 of the Dungeon.
             The game lasted 00:03:40 (2266 turns).

EriolAelfwine the Skirmisher (Minotaur Fighter)     Turns: 2266, Time: 00:03:40

Health: -2/34      AC:  7    Str: 22    XL:     3   Next: 69%
Magic:  2/2        EV:  9    Int:  5    God:
Gold:   196        SH:  4    Dex:  9    Spells: 2/2 levels left

rFire   . . .      SeeInvis .   a - +0 long sword
rCold   . . .      Faith    .   c - +0 buckler
rNeg    . . .      Spirit   .   b - +0 scale mail
rPois   .          Reflect  .   (helmet restricted)
rElec   .          Harm     .   (no cloak)
rCorr   .          Rampage  .   (no gloves)
Will    .....                   (no boots)
Stlth   ..........              (no amulet)
HPRegen 0.11/turn               (no ring)
MPRegen 0.08/turn               (no ring)

@: no status effects
A: horns 2, retaliatory headbutt
a: no special abilities


You were on level 4 of the Dungeon.
You visited 1 branch of the dungeon, and saw 4 of its levels.

You collected 196 gold pieces.

Inventory:

Hand Weapons
 a - a +0 long sword (weapon)
Missiles
 q - 5 atropa-tipped darts (quivered)
Armour
 b - a +0 scale mail (worn)
 c - a +0 buckler (worn)
Jewellery
 o - a ring of see invisible
Wands
 n - a wand of polymorph (11)
Scrolls
 e - 2 scrolls of noise {unknown}
 f - 2 scrolls of vulnerability {unknown}
 h - 2 scrolls of immolation {unknown}
 i - a scroll of fog {unknown}
 k - 2 scrolls of identify {unknown}
 l - a scroll of fear {unknown}
Potions
 d - 2 potions of might
 g - a potion of curing {unknown}
 j - a potion of lignification {unknown}
 m - a potion of attraction {unknown}
 p - a potion of flight {unknown}


   Skills:
 * Level 4.5 Fighting
 + Level 3.1 Long Blades
 + Level 4.1 Armour
 + Level 4.1 Shields


You had 2 spell levels left.
You didn't know any spells.
Your spell library contained the following spells:

 Spells                   Type           Power      Damage    Failure   Level
 Shock                    Conj/Air       0%         1d3       87%         1
 Gell's Gravitas          Tloc           0%         N/A       99%         3
 Swiftness                Air            0%         N/A       99%         3
 Teleport Other           Tloc           0%         N/A       99%         3
 Airstrike                Air            0%         N/A       100%        4
 Animate Armour           Summ/Erth      0%         N/A       100%        4
 Blade Hands              Tmut           0%         N/A       100%        5
 Dispersal                Tloc           0%         N/A       100%        6
 Iron Shot                Conj/Erth      0%         9d1       100%        6


Dungeon Overview and Level Annotations

Branches:
Dungeon (4/15)
 Temple: D:4-7

Altars:
Vehumet


Innate Abilities, Weirdness & Mutations

You have a pair of horns on your head.
You reflexively headbutt those who attack you in melee.


Message History

The iguana bites you.
You hit the iguana but do no damage. The iguana barely misses you.
You closely miss the iguana. The iguana closely misses you.
You hit the iguana.
The iguana is lightly wounded.
The iguana barely misses you.
You closely miss the iguana.
The iguana is lightly wounded.
The iguana bites you but does no damage. x2
The iguana bites you.
You barely miss the iguana.
The iguana is lightly wounded.
The iguana barely misses you. The iguana bites you.
You hit the iguana. You headbutt the iguana.
The iguana is moderately wounded.
The iguana bites you.
The iguana bites you but does no damage.
You are too injured to fight recklessly!
You are too injured to fight recklessly!
You are too injured to fight recklessly!
You hit the iguana.
The iguana is heavily wounded.
The iguana barely misses you. You block the iguana's attack.
The iguana barely misses you. You block the iguana's attack.
You barely miss the iguana. Your headbutt misses the iguana.
The iguana is heavily wounded.
The iguana bites you!
* * * LOW HITPOINT WARNING * * *
The iguana closely misses you. You furiously retaliate!
You headbutt the iguana. You completely miss the iguana.
The iguana is heavily wounded.
You block the iguana's attack.
The iguana bites you but does no damage.
You slash the iguana! You headbutt the iguana.
You kill the iguana!
The iguana bites you.
* * * LOW HITPOINT WARNING * * *
The iguana bites you!
You die...

# #.....# .J
#.....# ..
#.....#
#.##.....#
........# ##
#.....# ..
#J.<..#
#####.##l#####
......†@.#
#.##..####
.... ##.. ##


You could see an iguana and an endoplasm.

Vanquished Creatures
  An iguana (D:4)
  An adder (D:2)
  A dart slug (D:2)
  2 orcs
  2 ball pythons
  6 endoplasms
  3 giant cockroaches (D:2)
  2 goblins (D:3)
  2 hobgoblins
  2 kobolds
  2 quokkas (D:1)
  7 bats
  2 frilled lizards (D:2)
  6 rats
39 creatures vanquished.

Notes
Turn   | Place    | Note
-------+----------+-------------------------------------------
     0 | D:1      | EriolAelfwine the Minotaur Fighter began the quest for the
                  | Orb.
     0 | D:1      | Reached XP level 1. HP: 19/19 MP: 0/0
   248 | D:1      | Found a faded altar of an unknown god.
   510 | D:1      | Reached XP level 2. HP: 27/27 MP: 1/1
   899 | D:2      | Reached XP level 3. HP: 33/33 MP: 2/2
  1632 | D:3      | Found a radiant altar of Vehumet.
  2266 | D:4      | Slain by an iguana

Illustrated notes

Levels and vault maps discovered:
D:1:      grunt_arrival_lava_bath, layout_loops_ring,
          hellmonk_ecumenical_altar_pennies_from_heaven, st_stairs_13,
          corexii_leaking_fountain, serial_bayou_pond_e,
          kennysheep_small_spiral, chequers_garden, dreamdust_princess_bridge,
          nrook_uturn
D:2:      layout_loops_ring
D:3:      layout_loops_ring, nicolae_vehumet_altar_sigil
D:4:      layout_rooms, gammafunk_ghost_necromancy, guppyfry_shop_venom

Skill      XL: |  1  2  3 |
---------------+----------+-----
Fighting       | 4 |  4.5
Shields        | 4 |  4.1
Armour         | 4 |  4.1
Long Blades    | 3 |  3.1

Action                   || total
-------------------------++-------
Melee: Long sword        ||    98
       Headbutt          ||     9
Armor: Scale mail        ||    51
Dodge: Dodged            ||    49
Block: Buckler           ||    22

Table legend: (Time is in decaauts)
 A = Elapsed time spent in this place.
 B = Non-inter-level travel time spent in this place.
 C = Inter-level travel time spent in this place.
 D = Time resting spent in this place.
 E = Time spent auto-exploring this place.
 F = Levels seen in this place.
 G = Mean time per level.
                   A        B        C        D        E       F      G
               +--------+--------+--------+--------+--------+-----+--------+
         Total |   2295 |   2113 |    182 |      0 |   1841 |   4 |  573.8 |
       Dungeon |   2295 |   2113 |    182 |      0 |   1841 |   4 |  573.8 |
               +--------+--------+--------+--------+--------+-----+--------+

Top non-repeatable levels by time:
     D:2: 789 daAuts
     D:1: 778 daAuts
     D:3: 711 daAuts
     D:4: 15 daAuts
